 Dungeon Crawl Stone Soup version 0.31-a0-339-gda1cbd555d (webtiles) character file.

Game seed: 10456386719380909634

1398 spardeous the Geomancer (level 8, -3/57 HPs)
             Began as a Demigod Earth Elementalist on July 21, 2023.
             Slain by Pikel
             ... wielding a +0 whip of flaming
              (9 damage)
             ... on level 6 of the Dungeon.
             The game lasted 00:09:46 (5139 turns).

spardeous the Geomancer (DgEE)                      Turns: 5139, Time: 00:09:48

Health: -3/57      AC:  5    Str: 13    XL:     8   Next: 18%
Magic:  13/18      EV: 11    Int: 21    God:
Gold:   251        SH:  0    Dex: 14    Spells: 12/16 levels left

rFire   . . .        w - +2 scythe (protect)
rCold   . . .        (shield currently unavailable)
rNeg    . . .        u - +0 leather armour
rPois   .            x - +0 helmet
rElec   .            s - +0 cloak
rCorr   .            (no gloves)
SInv    .            (no boots)
Will    .....        m - amulet of regeneration
Stlth   ++           F - ring of flight
HPRegen 1.09/turn    (no ring)
MPRegen 0.16/turn

%: no passive effects
@: flying
A: high MP 1, forlorn, divine attributes
a: no special abilities


You were on level 6 of the Dungeon.
You visited 1 branch of the dungeon, and saw 6 of its levels.

You collected 251 gold pieces.

Inventory:

Hand Weapons
 r - a +4 quarterstaff of chaos
 w - a +2 scythe of protection (weapon)
Missiles
 G - a throwing net
Armour
 a - a +0 robe
 n - an orb of guile
 s - a +0 cloak (worn)
 u - a +0 leather armour (worn)
 x - a +0 helmet (worn)
 E - the +0 ring mail of Youthful Indiscretion {Fly}
   (You took it off a goblin on level 3 of the Dungeon)

   Fly:       It grants you flight.
Jewellery
 m - an amulet of regeneration (around neck)
 F - a ring of flight (left hand)
Scrolls
 d - 3 scrolls of enchant weapon {unknown}
 e - a scroll of immolation {unknown}
 f - a scroll of brand weapon {unknown}
 h - 4 scrolls of identify {unknown}
 i - 2 scrolls of blinking {unknown}
 o - a scroll of butterflies {unknown}
 p - 3 scrolls of teleportation {unknown}
 t - a scroll of poison {unknown}
 v - a scroll of torment {unknown}
 y - 4 scrolls of fog {unknown}
 z - a scroll of enchant armour {unknown}
 C - a scroll of revelation {unknown}
 D - 2 scrolls of amnesia {unknown}
 I - a scroll of vulnerability {unknown}
Potions
 b - 2 potions of magic
 c - 2 potions of lignification {unknown}
 g - a potion of berserk rage {unknown}
 j - a potion of haste {unknown}
 k - 2 potions of might {unknown}
 l - a potion of brilliance {unknown}
 q - 2 potions of mutation {unknown}
 A - a potion of cancellation {unknown}
 B - a potion of ambrosia {unknown}
 H - a potion of degeneration {unknown}
 J - a potion of heal wounds {unknown}


   Skills:
 - Level 1.7 Dodging
 - Level 1.7 Stealth
 + Level 4.7 Spellcasting
 - Level 0.8 Transmutations
 + Level 8.7 Earth Magic


You had 12 spell levels left.
You knew the following spells:

 Your Spells              Type           Power      Damage    Failure   Level
a - Sandblast             Erth           82%        2d17      1%          1
b - Stone Arrow           Conj/Erth      46%        3d9       7%          3

Your spell library contained the following spells:

 Spells                   Type           Power      Damage    Failure   Level
 Passwall                 Tmut/Erth      20%        N/A       3%          2
 Magic Dart               Conj           16%        1d3       14%         1
 Wereblood                Tmut           8%         N/A       16%         2
 Petrify                  Tmut/Erth      25%        N/A       21%         4
 Call Imp                 Summ           8%         N/A       22%         2
 Sublimation of Blood     Necr           4%         N/A       22%         2
 Mephitic Cloud           Conj/Pois/Air  4%         N/A       38%         3
 Vhi's Electric Charge    Tloc/Air       8%         N/A       38%         3
 Arcjolt                  Conj/Air       2%         1d12      98%         5
 Plasma Beam              Fire/Air       2%         2x1d12    100%        6
 Summon Hydra             Summ           2%         N/A       100%        7


Dungeon Overview and Level Annotations

Branches:
Dungeon (6/15)
 Temple: D:4-7

Portals:
Abyss: D:3

Annotations:
D:6 1 runed translucent door, Pikel


Innate Abilities, Weirdness & Mutations

You have an increased reservoir of magic. (+10% MP)
You shall have no god before yourself.
Your divine heritage dramatically boosts your attributes as you level up.


Message History

Pikel hits you with a +0 whip of flaming!
Pikel burns you. The lemure hits you.
You puncture Pikel!
Your weapon exudes an aura of protection.
Pikel is severely wounded.
Pikel hits you with a +0 whip of flaming.
Pikel burns you. The lemure hits you. The lemure hits you but does no damage.
Pikel completely misses you. The lemure closely misses you.
The lemure hits you but does no damage. x2
The lemure attacks as you move away! The lemure misses you.
The lemure hits you. The lemure attacks as you move away! The lemure hits you!
* * * LOW HITPOINT WARNING * * *
Casting: Sandblast (safe; 1% risk of failure)
Confirm with . or Enter, or press ? or * to list all spells.
Aiming: Sandblast (safe; 1% risk of failure)
Press: ? - help, Shift-Dir - straight line, f/p - Pikel
Aim: Pikel, wielding a +0 whip of flaming and wearing a +0 robe (heavily wounded, 81% to hit)
The blast of sand hits the lemure!
The lemure is moderately wounded.
Casting: Sandblast (safe; 1% risk of failure)
Confirm with . or Enter, or press ? or * to list all spells.
Aiming: Sandblast (safe; 1% risk of failure)
Press: ? - help, Shift-Dir - straight line, f/p - Pikel
Aim: Pikel, wielding a +0 whip of flaming and wearing a +0 robe (heavily wounded, 81% to hit)
The blast of sand hits Pikel.
Pikel is severely wounded.
The lemure hits you.
* * * LOW HITPOINT WARNING * * *
Pikel misses you. The lemure hits you!
* * * LOW HITPOINT WARNING * * *
Casting: Sandblast (safe; 1% risk of failure)
Confirm with . or Enter, or press ? or * to list all spells.
Aiming: Sandblast (safe; 1% risk of failure)
Press: ? - help, Shift-Dir - straight line, f/p - Pikel
Aim: Pikel, wielding a +0 whip of flaming and wearing a +0 robe (severely wounded, 81% to hit)
The blast of sand hits Pikel!
Pikel is severely wounded.
Pikel hits you with a +0 whip of flaming!
You die...

#.###.####.######.#####
#.###.#...............#
#...#......)....#..<#.#
#####.###.............#.##..
.>.......................(..
#####.##.[.......5.5....##..
# #.##........55....### #
#.##.......5K##)5.# #
#.##.#######@####.#
#####.##.# #......##.#
.........# #.........#
##.....### #.####..#.#######
#####.######.##.............
#...........#..#<####.#
########.####..#.#
#.......#.. #.......#.#.


You could see Pikel and 4 lemures.

Vanquished Creatures
  Sigmund (D:3)
  Edmund (D:5)
  A water moccasin (D:4)
  The ghost of bmack86 the Cudgeller, an amateur MeBe of Trog (D:3)
  A black bear (D:5)
  A scorpion (D:5)
  A howler monkey (D:4)
  A jelly (D:4)
  3 orc priests
  3 hounds
  A gnoll bouda (D:5)
  Crazy Yiuf (D:2)
  Jessica (D:2)
  3 iguanas (D:5)
  2 sleepcaps
  4 orc wizards
  Robin (D:3)
  7 gnolls (D:5)
  4 adders
  2 worms (D:3)
  2 dart slugs
  16 orcs
  4 ball pythons
  8 bats
  A bat zombie (D:5)
  9 endoplasms
  6 giant cockroaches
  5 hobgoblins
  5 jackals
  4 quokkas (D:3)
  3 frilled lizards
  14 goblins
  8 kobolds
  5 rats
  A rat zombie (D:5)
  A lurking horror (D:3)
132 creatures vanquished.

Vanquished Creatures (others)
  An endoplasm zombie (D:3)
  A quokka zombie (D:3)
2 creatures vanquished.

Grand Total: 134 creatures vanquished

Notes
Turn   | Place    | Note
-------+----------+-------------------------------------------
     0 | D:1      | spardeous the Demigod Earth Elementalist began the quest
                  | for the Orb.
     0 | D:1      | Reached XP level 1. HP: 14/14 MP: 5/5
   116 | D:1      | Reached skill level 3 in Earth Magic
   224 | D:1      | Reached XP level 2. HP: 20/20 MP: 5/7
  1345 | D:2      | Noticed Jessica
  1350 | D:2      | Killed Jessica
  1351 | D:2      | Reached skill level 4 in Earth Magic
  1351 | D:2      | Reached XP level 3. HP: 26/26 MP: 4/8
  1801 | D:2      | Found a runed translucent door.
  1802 | D:2      | Noticed Crazy Yiuf
  2050 | D:2      | Killed Crazy Yiuf
  2051 | D:2      | Reached XP level 4. HP: 16/33 MP: 6/9
  2275 | D:3      | Identified the +0 ring mail of Youthful Indiscretion {Fly}
  2318 | D:3      | Reached skill level 5 in Earth Magic
  2342 | D:3      | Found a runed translucent door.
  2347 | D:3      | Noticed bmack86's ghost (amateur MeBe)
  2406 | D:3      | Found a one-way gate to the infinite horrors of the Abyss.
  2406 | D:3      | Noticed Sigmund
  2438 | D:3      | Killed Sigmund
  2439 | D:3      | Reached skill level 6 in Earth Magic
  2439 | D:3      | Reached XP level 5. HP: 4/38 MP: 2/10
  2775 | D:3      | Found a runed translucent door.
  2831 | D:3      | Killed bmack86's ghost
  2832 | D:3      | Reached XP level 6. HP: 31/45 MP: 6/11
  2961 | D:4      | Noticed Robin
  2972 | D:3      | Killed Robin
  3116 | D:4      | Reached skill level 7 in Earth Magic
  3232 | D:4      | Learned a level 3 spell: Stone Arrow
  3730 | D:4      | Reached XP level 7. HP: 50/50 MP: 8/13
  3965 | D:5      | Entered Level 5 of the Dungeon
  4111 | D:5      | Reached skill level 8 in Earth Magic
  4406 | D:5      | Noticed Edmund
  4410 | D:5      | Killed Edmund
  4411 | D:5      | Reached XP level 8. HP: 29/57 MP: 13/17
  5067 | D:6      | Found a runed translucent gate.
  5125 | D:6      | Noticed Pikel
  5139 | D:6      | Slain by Pikel

Illustrated notes

Levels and vault maps discovered:
D:1:      giann_bridges, layout_loops_corners
D:2:      layout_loops_ring, uniq_jessica, uniq_crazy_yiuf_cottage
D:3:      layout_rooms, okawaru_trees_1, ebering_ghost_sewer_f,
          amcnicky_altar_lugonu_corruption, uniq_sigmund
D:4:      layout_loops_ring, minmay_small_thing, uniq_robin
D:5:      layout_loops_ring, lemuel_zombie_altar_kikubaaqudgha, uniq_edmund
D:6:      layout_loops_cross, gammafunk_ghost_necromancy, serial_bayou_ford_a,
          item_on_display_a, uniq_pikel

Skill      XL: |  1  2  3  4  5  6  7 |
---------------+----------------------+-----
Earth Magic    | 3 4 6 7 8 |  8.7
Spellcasting   | 2 4 |  4.7
Dodging        | |  1.7
Stealth        | |  1.7
Transmutations | |  0.8

Action                     |  1- 3 |  4- 6 |  7- 9 || total
---------------------------+-------+-------+-------++-------
  Melee: Unarmed           |     2 |       |       ||     2
         Quarterstaff      |       |    24 |       ||    24
         Halberd           |       |    60 |    41 ||   101
   Cast: Sandblast         |    45 |    62 |    50 ||   157
Ability: Begin Untransform |     1 |       |       ||     1
   Stab: Sleeping          |       |     3 |     2 ||     5
         Distracted        |       |     1 |       ||     1
 Armour: Robe              |     2 |     2 |       ||     4
         Leather armour    |       |    84 |    40 ||   124
  Dodge: Dodged            |    10 |   124 |    43 ||   177
   Form: Maw               |     1 |       |       ||     1

Table legend: (Time is in decaauts)
 A = Elapsed time spent in this place.
 B = Non-inter-level travel time spent in this place.
 C = Inter-level travel time spent in this place.
 D = Time resting spent in this place.
 E = Time spent auto-exploring this place.
 F = Levels seen in this place.
 G = Mean time per level.
                   A        B        C        D        E       F      G
               +--------+--------+--------+--------+--------+-----+--------+
         Total |   5284 |   5163 |    121 |     79 |   4092 |   6 |  880.7 |
       Dungeon |   5284 |   5163 |    121 |     79 |   4092 |   6 |  880.7 |
               +--------+--------+--------+--------+--------+-----+--------+

Top non-repeatable levels by time:
     D:1: 1225 daAuts
     D:3: 1068 daAuts
     D:5: 1063 daAuts
     D:2: 893 daAuts
     D:4: 882 daAuts
     D:6: 150 daAuts
